 Dungeon Crawl Stone Soup version 0.24-a0-582-g4d4af813a0 (webtiles) character file.

Game seed: 12954929699746182014

16 MordorOrchid the Ducker (level 2, -2/14 HPs)
             Began as a Felid Berserker on Aug 27, 2019.
             Was a Follower of Trog.
             Slain by a kobold
             ... wielding a +0 short sword
              (7 damage)
             ... on level 1 of the Dungeon.
             The game lasted 00:01:16 (234 turns).

MordorOrchid the Ducker (Felid Berserker)            Turns: 234, Time: 00:01:16

Health: -2/14      AC:  1    Str: 13    XL:     2   Next: 41%
Magic:  3/3        EV: 19    Int:  8    God:    Trog [*.....]
Gold:   53         SH:  0    Dex: 15    Spells: 1/1 levels left
                                        Lives:  0   Deaths: 0

rFire    . . .     SeeInvis +     - Unarmed
rCold    . . .     Gourm    .   (shield unavailable)
rNeg     . . .     Faith    .   (armour unavailable)
rPois    .         Spirit   .   (helmet unavailable)
rElec    .         Reflect  .   (cloak unavailable)
rCorr    .         Harm     .   (gloves unavailable)
MR       .....                  (boots unavailable)
Stlth    +++.......             (no amulet)
HPRegen  0.04/turn              (no ring)
MPRegen  0.08/turn              (no ring)

@: quick
A: very small, no armour, no weapons or thrown items, stealth, claws 1, fangs 3,
see invisible, carnivore, speed 1, shaggy fur 1, slow metabolism 1, sharp paws
a: Berserk, Renounce Religion


You were on level 1 of the Dungeon.
You worshipped Trog.
Trog was aware of your devotion.
You were very full.

You visited 1 branch of the dungeon, and saw 1 of its levels.

You collected 53 gold pieces.

Inventory:

Scrolls
 b - a scroll of random uselessness {unknown}
 c - a scroll of amnesia {unknown}
 d - a scroll of remove curse {unknown}
Comestibles
 a - 2 rations


   Skills:
 - Level 3.0 Fighting
 - Level 4.0 Dodging
 + Level 3.2 Stealth
 - Level 3.0 Unarmed Combat


You had one spell level left.
You didn't know any spells.
Your spell library was empty.

Dungeon Overview and Level Annotations

Branches:
Dungeon (1/15)

Altars:


Innate Abilities, Weirdness & Mutations

You cannot wear armour.
You are incapable of wielding weapons or throwing items.
Your paws allow you to move quietly. (Stealth)
You have sharp claws.
You have razor-sharp teeth.
You have supernaturally acute eyesight. (SInv)
You are carnivorous and can eat meat at any time.
You cover ground quickly.
You are covered in fur. (AC +1)
You have a slow metabolism.
Your sharp claws are effective at attacking unaware monsters.


Message History

The kobold throws a stone.
The stone hits you but does no damage.
Unknown command.
You barely miss the kobold.
The kobold hits you with a +0 short sword.
You closely miss the kobold.
The kobold hits you with a +0 short sword.
You barely miss the kobold.
The kobold hits you with a +0 short sword.
You scratch the kobold.
The kobold is severely wounded.
The kobold barely misses you.
You scratch the kobold but do no damage.
Your bite misses the kobold.
The kobold is severely wounded.
The kobold misses you.
You closely miss the kobold.
The kobold is severely wounded.
The kobold hits you with a +0 short sword!
Ouch! That really hurt!
You die...

#.......###......#.##
...................#
.#.###.###.#....#.#
#.....###.#.##.[...
#.###..........#.##
.............##.....
.#..#####.##.# .###
#. #.(.# .# #.#@# .#
........K......
.....=.........
#.......#####..
#..###... #.. #.## #.
.. ##


You could see a kobold.

Vanquished Creatures
  A dart slug (D:1)
  3 goblins (D:1)
  A hobgoblin (D:1)
  5 kobolds (D:1)
  3 bats (D:1)
  A frilled lizard (D:1)
  A rat (D:1)
15 creatures vanquished.

Notes
Turn   | Place    | Note
-------+----------+-------------------------------------------
     0 | D:1      | MordorOrchid the Felid Berserker began the quest for the
                  | Orb.
     0 | D:1      | Reached XP level 1. HP: 10/10 MP: 2/2
    60 | D:1      | Reached skill level 1 in Stealth
   113 | D:1      | Reached XP level 2. HP: 12/14 MP: 3/3
   234 | D:1      | Slain by a kobold

Levels and vault maps discovered:
D:1:      evilmike_arrival_run_for_it, layout_basic, minmay_pentomino_x4

Skill      XL: |  1  2 |
---------------+-------+-----
Stealth        | 2 3 |  3.2
Fighting       | |  3.0
Dodging        | |  4.0
Unarmed Combat | |  3.0

Action                   || total
-------------------------++-------
Melee: Unarmed           ||    40
       Bite              ||     1
 Stab: Sleeping          ||     1
  Eat: Chunk             ||     5
Armor: Skin              ||     4
Dodge: Dodged            ||    26

Table legend:
 A = Non-vault XP
 B = Vault XP
 C = Vault XP percentage of total XP
 D = Non-vault monster count
 E = Vault monster count
 F = Vault count percentage of total count
                 A         B        C        D         E       F
            +---------+---------+-------+---------+---------+-------
      Total |      19 |       5 |  20.8 |      11 |       4 |  26.7
            +---------+---------+-------+---------+---------+-------
        D:1 |      19 |       5 |  20.8 |      11 |       4 |  26.7
            +---------+---------+-------+---------+---------+-------
